 Dungeon Crawl Stone Soup version 0.27-a0-1347-gd8886f0a89 (webtiles) character file.

Game seed: 17706706620454067737

57872 avis the Black Belt (level 14, -1/145 HPs)
             Began as a Demigod Transmuter on June 27, 2021.
             Slain by a tengu reaver (27 damage)
             ... on level 11 of the Dungeon on June 28, 2021.
             The game lasted 03:03:00 (27729 turns).

avis the Black Belt (Demigod Transmuter)           Turns: 27729, Time: 03:03:00

Health: -1/145     AC: 11    Str: 15    XL:     14   Next: 13%
Magic:  15/21      EV: 20    Int: 15    God:
Gold:   488        SH:  0    Dex: 32    Spells: 9/18 levels left

rFire    x . .     SeeInvis .     - Unarmed
rCold    + + +     Faith    .   (shield currently unavailable)
rNeg     . . .     Spirit   .   (armour currently unavailable)
rPois    +         Reflect  .   (helmet currently unavailable)
rElec    .         Harm     .   (cloak currently unavailable)
rCorr    .         Rampage  .   (gloves currently unavailable)
Will     +....                  (boots currently unavailable)
Stlth    ++........             (no amulet)
HPRegen  0.34/turn              m - +6 ring of dexterity
MPRegen  0.17/turn              z - +4 ring of protection

@: ice-form
A: freezing attack, amphibious, boosted hp, large, high mp 1, forlorn
a: End Transformation


You were on level 11 of the Dungeon.
You were a creature of crystalline ice.
You visited 4 branches of the dungeon, and saw 19 of its levels.
You also visited: Ossuary.

You collected 1135 gold pieces.
You spent 647 gold pieces at shops.

Inventory:

Hand Weapons
 a - the +9 staff of Olgreb (melded) {rPois∞}
   (You acquired it on level 1 of the Lair of Beasts)

   It may poison the flesh of those it strikes, and is more effective with a
   high Evocations skill.
   It enhances your poison magic.
   It grants immunity to poison.
   It can be evoked to poison those around you for a time.
Missiles
 l - 22 boomerangs
 q - 76 poisoned darts
 v - 6 javelins
 F - 3 curare-tipped darts
 G - 2 silver boomerangs
Armour
 c - a +0 pair of gloves (melded)
 d - a +0 troll leather armour (melded)
 e - a +2 hat of intelligence (melded)
 D - a +2 buckler (melded)
 I - a +0 cloak (melded)
Jewellery
 f - a ring of poison resistance
 m - a +6 ring of dexterity (left front paw)
 r - a ring of resist corrosion
 u - a ring of wizardry
 z - a +4 ring of protection (right front paw)
 B - a ring of flight
Wands
 j - a wand of charming (12)
 p - a wand of paralysis (11)
 s - a wand of flame (8)
Scrolls
 k - 8 scrolls of teleportation
 n - a scroll of fog
 y - a scroll of holy word
 J - a scroll of summoning {unknown}
 L - 3 scrolls of fear
 Q - 2 scrolls of blinking
 U - a scroll of vulnerability {unknown}
Potions
 b - a potion of resistance
 g - 13 potions of curing
 h - 5 potions of flight
 i - 3 potions of lignification
 t - 13 potions of ambrosia
 A - 5 potions of haste
 C - 3 potions of might
 E - 2 potions of invisibility
 K - a potion of magic
 N - 3 potions of heal wounds
 S - 4 potions of brilliance
 T - 3 potions of cancellation
Miscellaneous
 o - a condenser vane
 P - a tin of tremorstones (1/2)


   Skills:
 - Level 10.0 Fighting
 - Level 5.0 Armour
 - Level 10.0 Dodging
 - Level 4.0 Shields
 - Level 15.0 Unarmed Combat
 * Level 2.6 Spellcasting
 + Level 7.0 Transmutations
 - Level 4.0 Ice Magic
 - Level 2.0 Poison Magic
 - Level 5.0 Evocations


You had 9 spell levels left.
You knew the following spells:

 Your Spells              Type           Power      Damage    Failure   Level
c - Wereblood             Tmut           22%        N/A       1%          2
p - Spider Form           Tmut/Pois      7%         N/A       10%         3
q - Ice Form              Ice/Tmut       18%        N/A       22%         4

Your spell library contained the following spells:

 Spells                   Type           Power      Damage    Failure   Level
 Beastly Appendage        Tmut           44%        N/A       1%          1
 Summon Small Mammal      Summ           4%         N/A       22%         1
 Call Imp                 Summ           1%         N/A       32%         2
 Searing Ray              Conj           2%         3d3       32%         2
 Sublimation of Blood     Necr           0%         N/A       32%         2
 Petrify                  Tmut/Erth      12%        N/A       45%         4
 Call Canine Familiar     Summ           1%         N/A       54%         3
 Confusing Touch          Hex            1%         N/A       54%         3
 Gell's Gravitas          Tloc           0%         N/A       54%         3
 Summon Guardian Golem    Hex/Summ       1%         N/A       54%         3
 Summon Ice Beast         Ice/Summ       7%         N/A       67%         4
 Yara's Violent Unravell  Hex/Tmut       6%         3d5       80%         5
 Dispel Undead            Necr           1%         3d6       91%         4
 Summon Lightning Spire   Summ/Air       1%         N/A       91%         4
 Metabolic Englaciation   Hex/Ice        3%         N/A       95%         5
 Bolt of Magma            Conj/Fire/Erth 0%         4d4       99%         5
 Iskenderun's Battlesphe  Conj           1%         2d6       99%         5
 Iron Shot                Conj/Erth      0%         9d1       100%        6
 Orb of Destruction       Conj           0%         N/A       100%        7
 Spellforged Servitor     Conj/Summ      0%         N/A       100%        7


Dungeon Overview and Level Annotations

Branches:
Dungeon (11/15)            Temple (1/1) D:7            Lair (6/6) D:10
 Shoals (0/4) Lair:3       Spider (0/4) Lair:3        Slime (1/5) Lair:5
    Orc (0/2) D:11        Ossuary (visited)

Shops:
D:6 !***   D:11 (

Portals:
Hell: Lair:6

Annotations:
Lair:6 3 runed translucent doors, dickylongcocking's ghost, journeyman DjCj


Innate Abilities, Weirdness & Mutations

You are a creature of crystalline ice.
You have a powerful freezing melee attack.
You are amphibious.
Your maximum health is increased.
Your armour is entirely melded.
You are incapable of wielding weapons or throwing items.
Your attributes grow dramatically as you level up.
You have an increased reservoir of magic. (+10% MP)
You shall have no god before yourself.


Message History

You feel stupid.
The tengu reaver gestures at you while chanting.
The bolt of lightning hits you!!!
There is an open door here.
The tengu reaver points at you and mumbles some strange words.
The bolt of lightning misses you.
You punch the tengu reaver! You freeze the tengu reaver.
The tengu reaver is lightly wounded.
The tengu reaver hits you with a +0 great sword!!
The tengu reaver pecks you. The tengu reaver completely misses you.
You closely miss the tengu reaver.
The tengu reaver is lightly wounded.
You pummel the tengu reaver!! You freeze the tengu reaver.
The tengu reaver is heavily wounded.
The tengu reaver points at you and mumbles some strange words.
The bolt of cold misses you.
You hit the tengu reaver but do no damage.
The tengu reaver is heavily wounded.
The tengu reaver closely misses you.
The tengu reaver pecks you but does no damage.
The tengu reaver claws you but does no damage.
Unknown command.
You hit the tengu reaver. You freeze the tengu reaver.
The tengu reaver is heavily wounded.
A wraith comes into view.
You pummel the tengu reaver!! You freeze the tengu reaver.
The tengu reaver is almost dead.
The tengu reaver gestures at you while chanting.
The bolt of fire hits you!!!! The fire burns you terribly!
Ouch! That really hurt!
* * * LOW HITPOINT WARNING * * *
Your magical contamination has completely faded away.
There is an open door here.
The tengu reaver gestures at you while chanting.
The bolt of cold misses you.
You feel much better.
You punch the tengu reaver! You freeze the tengu reaver.
The tengu reaver is almost dead.
The tengu reaver hits you with a +0 great sword!!
You die...

.............#####............
.....##......'...#....####+##.
..#..###.....'...#....#
.###..##.....#...#....# .
#.........#...#....# .
#..........#...#....######
.............#####..........
............................
................YQ..........
...#####+#########W#########
... #.....# ... #...#..#
#...## .# ..[... # +......
#..#.... #.###...


You could see a tengu reaver and a wraith.

Vanquished Creatures
  Gastronok (D:9)
  2 boulder beetles
  8 hydras
  A catoblepas (Lair:4)
  A centaur warrior (D:8)
  4 death yaks
  Urug (Lair:6)
  A fire crab (Lair:6)
  A sixfirhy (Lair:6)
  A wizard (Lair:6)
  Pikel (D:5)
  An orc knight (D:11)
  5 oklob plants
  A cyclops (D:10)
  A manticore (D:10)
  4 black mambas
  An elephant (Lair:6)
  Joseph (D:7)
  4 orange demons (Lair:6)
  2 torpor snails
  5 rime drakes
  10 cane toads
  A hellwing (Lair:6)
  2 freezing wraiths
  17 komodo dragons
  A queen bee (Lair:1)
  A red devil (Lair:6)
  4 polar bears
  4 jumping spiders (Lair:3)
  A troll (D:10)
  3 hornets
  24 blink frogs
  Sigmund (D:4)
  A shadow (D:9)
  A meliai zombie (D:10)
  6 redbacks (Lair:3)
  2 vampires
  A wraith (D:10)
  6 wyverns
  7 basilisks
  38 yaks
  Edmund (D:4)
  A vampire mosquito (D:11)
  An acid dragon (D:8)
  14 water moccasins
  Duvessa (D:6)
  4 hell hounds (Lair:6)
  13 orc warriors
  6 black bears
  A necrophage (D:4)
  A sky beast (D:6)
  8 wolves (Lair:3)
  8 centaurs
  2 phantoms (D:6)
  A lemure (D:4)
  2 kobold brigands (D:8)
  15 bullfrogs
  3 gnoll sergeants
  A scorpion (D:6)
  Dowan (D:6)
  4 water moccasin zombies (Ossuary)
  15 killer bees (Lair:1)
  3 wights (D:8)
  3 electric eels
  A bullfrog zombie (D:6)
  6 centaur zombies
  2 hounds (D:6)
  10 orc priests
  2 bullfrog skeletons
  A centaur skeleton (D:6)
  2 iguanas (Lair:1)
  9 orc wizards
  6 hell rats (Lair:5)
  A killer bee zombie (D:6)
  A hound zombie (D:5)
  2 mummies (Ossuary)
  21 gnolls
  8 adders
  A shadow imp (D:6)
  6 white imps
  2 ufetubi
  6 adder zombies (Ossuary)
  2 worms
  3 dart slugs
  58 orcs
  4 ball pythons
  4 endoplasms
  5 giant cockroaches
  A gnoll zombie (Ossuary)
  15 goblins
  10 hobgoblins
  7 quokkas
  5 bats
  3 frilled lizards
  2 hobgoblin zombies (Ossuary)
  25 kobolds
  2 kobold zombies (Ossuary)
  5 orc zombies (Ossuary)
  3 rats (D:1)
  3 bushes (D:2)
531 creatures vanquished.

Vanquished Creatures (others)
  47 fungi
  55 plants
102 creatures vanquished.

Grand Total: 633 creatures vanquished

Notes
Turn   | Place    | Note
-------+----------+-------------------------------------------
     0 | D:1      | avis the Demigod Transmuter began the quest for the Orb.
     0 | D:1      | Reached XP level 1. HP: 15/15 MP: 5/5
   252 | D:1      | Reached skill level 3 in Unarmed Combat
   319 | D:1      | Reached XP level 2. HP: 22/22 MP: 5/7
  1064 | D:2      | Reached skill level 4 in Unarmed Combat
  1064 | D:2      | Reached XP level 3. HP: 12/27 MP: 6/8
  1068 | D:2      | Learned a level 3 spell: Spider Form
  1371 | D:2      | Reached skill level 1 in Fighting
  2243 | D:2      | Reached XP level 4. HP: 35/36 MP: 7/9
  2874 | D:2      | Reached skill level 1 in Poison Magic
  3975 | D:3      | Reached XP level 5. HP: 32/41 MP: 4/10
  3993 | D:3      | Reached skill level 5 in Unarmed Combat
  4477 | D:4      | Noticed a necrophage
  4490 | D:4      | Killed a necrophage
  4864 | D:4      | Noticed Edmund
  4877 | D:4      | Killed Edmund
  4878 | D:4      | Reached skill level 6 in Unarmed Combat
  4878 | D:4      | Reached XP level 6. HP: 14/51 MP: 8/11
  5106 | D:4      | Noticed Sigmund
  5121 | D:4      | Killed Sigmund
  5220 | D:4      | Reached XP level 7. HP: 51/57 MP: 8/12
  5827 | D:4      | Learned a level 4 spell: Ice Form
  6108 | D:5      | Entered Level 5 of the Dungeon
  6158 | D:5      | Reached skill level 7 in Unarmed Combat
  6475 | D:5      | Noticed Pikel
  6548 | D:5      | Killed Pikel
  6549 | D:5      | Reached skill level 5 in Dodging
  6549 | D:5      | Reached XP level 8. HP: 11/66 MP: 13/13
  7515 | D:6      | Found Dojele's Assorted Antiques.
  7710 | D:6      | Found Werhoemi's General Store.
  7781 | D:6      | Bought a potion of curing for 39 gold pieces
  7781 | D:6      | Bought a potion of degeneration for 13 gold pieces
  7845 | D:6      | Noticed Duvessa
  7845 | D:6      | Noticed Dowan
  7868 | D:6      | Killed Duvessa
  7873 | D:6      | Killed Dowan
  8154 | D:6      | Found Pimaimioma's Assorted Antiques.
  8298 | D:6      | Found Metaefib's Distillery.
  8301 | D:6      | Bought a potion of attraction for 39 gold pieces
  8301 | D:6      | Bought a potion of lignification for 39 gold pieces
  8301 | D:6      | Bought a potion of might for 52 gold pieces
  8500 | D:6      | Reached skill level 5 in Transmutations
  8598 | D:6      | Reached XP level 9. HP: 48/71 MP: 12/15
  8956 | D:6      | Upgraded the game from 0.27-a0-1334-g2746e35aca to
                  | 0.27-a0-1347-gd8886f0a89
  9047 | D:7      | Reached skill level 8 in Unarmed Combat
  9119 | D:7      | Found a sand-covered staircase.
  9129 | Ossuary  | Entered an ossuary
 10120 | D:7      | Found a staircase to the Ecumenical Temple.
 10139 | D:7      | Identified the +8 long sword of Nirer {flame, Fly rF+ rC+
                  | Str-5}
 10158 | Temple   | Entered the Ecumenical Temple
 10197 | D:7      | Noticed Joseph
 10223 | D:7      | Reached skill level 9 in Unarmed Combat
 10485 | D:7      | Killed Joseph
 10491 | D:7      | Reached skill level 5 in Fighting
 10847 | D:8      | Noticed a centaur warrior
 10859 | D:8      | Killed a centaur warrior
 11277 | D:8      | Reached XP level 10. HP: 81/81 MP: 16/16
 12931 | D:9      | Noticed Gastronok
 13362 | D:9      | Killed Gastronok
 13363 | D:9      | Reached skill level 10 in Unarmed Combat
 13689 | D:9      | Reached skill level 5 in Armour
 14671 | D:10     | Entered Level 10 of the Dungeon
 15206 | D:10     | Reached XP level 11. HP: 89/89 MP: 14/17
 15293 | D:9      | Learned a level 2 spell: Wereblood
 15773 | D:10     | Found a staircase to the Lair.
 16063 | Lair:1   | Entered Level 1 of the Lair of Beasts
 16073 | Lair:1   | Reached skill level 11 in Unarmed Combat
 16091 | Lair:1   | Noticed a boulder beetle
 16096 | Lair:1   | Noticed a death yak
 16097 | Lair:1   | Noticed a death yak
 16210 | D:10     | Killed a death yak
 16407 | D:10     | Killed a death yak
 17319 | Lair:1   | Reached skill level 12 in Unarmed Combat
 18137 | D:11     | Found a staircase to the Orcish Mines.
 18157 | D:11     | Noticed an orc knight
 18166 | D:11     | Killed an orc knight
 18413 | D:10     | Reached XP level 12. HP: 77/101 MP: 15/18
 18701 | D:11     | Noticed a boulder beetle
 18720 | D:11     | Killed a boulder beetle
 18976 | Lair:1   | Reached skill level 13 in Unarmed Combat
 19766 | Lair:2   | Noticed a five-headed hydra
 19805 | Lair:2   | Killed a five-headed hydra
 21607 | Lair:3   | Found a hole to the Spider Nest.
 21616 | Lair:3   | Found a staircase to the Shoals.
 21616 | Lair:3   | Noticed a seven-headed hydra
 21624 | Lair:3   | Killed a seven-headed hydra
 21705 | Lair:3   | Reached XP level 13. HP: 111/111 MP: 16/19
 21943 | Lair:3   | Reached skill level 14 in Unarmed Combat
 22851 | D:10     | Reached skill level 10 in Fighting
 22962 | D:6      | Bought a fizzy blue potion for 26 gold pieces
 22962 | D:6      | Bought 2 scrolls of identify for 116 gold pieces
 22962 | D:6      | Bought a scroll labelled UQEROT MEUSH for 29 gold pieces
 22962 | D:6      | Bought a scroll labelled ZUPLIY VUEGIRU for 29 gold pieces
 22999 | D:6      | Bought a potion of heal wounds for 135 gold pieces
 23039 | D:6      | Bought a potion of curing for 39 gold pieces
 23039 | D:6      | Bought a potion of curing for 39 gold pieces
 23039 | D:6      | Bought a potion of might for 52 gold pieces
 23190 | Lair:1   | Identified a scroll of acquirement
 23190 | Lair:1   | Acquired the +9 staff of Olgreb {rPois∞}
 23191 | Lair:1   | Found the +9 staff of Olgreb {rPois∞}
 24136 | Lair:5   | Reached skill level 1 in Evocations
 24142 | Lair:5   | Reached skill level 10 in Dodging
 24363 | Lair:5   | Found a staircase to the Slime Pits.
 25499 | Lair:5   | Identified the +6 quarterstaff "Byiba" {vorpal, rF+}
 25783 | Slime:1  | Entered Level 1 of the Pits of Slime
 25794 | Lair:6   | Entered Level 6 of the Lair of Beasts
 25984 | Lair:6   | Noticed Urug
 25992 | Lair:6   | Killed Urug
 25993 | Lair:6   | Reached skill level 5 in Evocations
 26690 | Lair:6   | Noticed a dire elephant
 26692 | Lair:6   | Noticed dickylongcocking's ghost (journeyman DjCj)
 26695 | Lair:6   | Noticed a minotaur
 26712 | Lair:6   | Found a runed translucent gate.
 26712 | Lair:6   | Found a runed translucent gate.
 26712 | Lair:6   | Found a runed translucent gate.
 27049 | Lair:6   | Reached XP level 14. HP: 117/121 MP: 16/20
 27136 | Lair:6   | Reached skill level 15 in Unarmed Combat
 27366 | Lair:6   | Found a gateway to Hell.
 27373 | Lair:6   | Identified Liblemo's Reference Book on Twisted Attacks
 27675 | D:11     | Found Uthocir's Weapon Boutique.
 27714 | D:11     | Noticed a tengu reaver
 27724 | D:11     | HP: 3/145 [tengu reaver/bolt of fire (79)]
 27729 | D:11     | Slain by a tengu reaver

Illustrated notes

Levels and vault maps discovered:
D:1:      minmay_arrival_solitary_statue, layout_loops_ring,
          hellmonk_ecumenical_altar_defaced_shrine,
          chequers_serial_rivers_room_b, minmay_pentomino_p4
D:2:      layout_loops_corners, serial_forest, infiniplex_forest_end_1,
          infiniplex_forest_clump_tiny, infiniplex_forest_straight_2,
          infiniplex_forest_corner_1, infiniplex_forest_end_3,
          infiniplex_forest_zigzag_2
D:3:      layout_rooms
D:4:      layout_layer_cave, nicolae_ru_the_path_less_chosen,
          chequers_temple_overflow_minitemple, sigmund_edmund_badplayer
D:5:      corexii_shantytown, layout_cave_pools, nicolae_overflow_hidden_temple,
          serial_bayou_pond_d, minmay_misc_feat_rows, uniq_pikel
D:6:      minmay_clustersquares, layout_basic, serial_shops,
          nicolae_inconvenience_store, nicolae_shop_trees, shop_statue,
          kennysheep_mini_moat, uniq_duvessa
D:7:      layout_basic, minmay_temple_entry_offerings,
          nicolae_ossuary_entry_ruins, grunt_ministairs_6, uniq_joseph
D:8:      layout_gridville, lemuel_tele_altar, general_overflow_altar
D:9:      layout_basic, amcnicky_altar_gilded, dk_noncrumbling_2, uniq_gastronok
D:10:     layout_loops_corners, nicolae_overflow_crystal_walls,
          grunt_lair_entry_orc_guard_hut
D:11:     minmay_the_grid_4x2 [minmay_the_grid_large_cup, minmay_the_grid_eight,
          minmay_the_grid_plusring, minmay_the_grid_minigrid_large,
          minmay_the_grid_outer_diamond, minmay_the_grid_empty,
          minmay_the_grid_diamond_grid, minmay_the_grid_prize_big_room],
          layout_irregular_city, david_orc_5, serial_shops, shop_statue,
          nicolae_dithmenos_shadow_blocks
Temple:   minmay_temple_curvy_loop
Lair:1:   beast_lair_carwin_large_2, layout_cave_shapes, special_room
          [special_room_bee], lemuel_oklob_altar
Lair:2:   layout_layer_cave, special_room, beast_lair_carwin_11,
          grunt_megastairs_2
Lair:3:   layout_regular_city, minmay_shoals_entry_centaurs,
          nicolae_spider_entry_tight_spaces, beast_lair_carwin_1,
          grunt_megastairs_4, infiniplex_staircase_pool_2
Lair:4:   layout_regular_city
Lair:5:   layout_loops_ring, slime_altar_1, serial_rivers,
          chequers_serial_rivers_micro_e, chequers_serial_rivers_micro_a,
          chequers_serial_rivers_marsh, chequers_serial_rivers_room_a,
          serial_bayou_lake_a, serial_bayou_shore_a, minmay_lair_oklob_chamber
Lair:6:   evil_forest, layout_loops_ring, maelrawn_ghost_gauntlet_escape,
          small_statue_intersection, infiniplex_staircase_pool,
          serial_bayou_shore_b, uniq_urug
Slime:1:  layout_caves

Skill      XL: |  1  2  3  4  5  6  7  8  9 10 11 12 13 14 |
---------------+-------------------------------------------+-----
Unarmed Combat | 3 4 6 7 9 10 12 13 14 15 | 15.0
Fighting       | 2 3 4 5 6 8 9 10 | 10.0
Transmutations | 2 5 6 7 |  7.0
Poison Magic   | 1 2 |  2.0
Dodging        | 5 7 9 10 | 10.0
Spellcasting   | 2 |  2.6
Ice Magic      | 4 |  4.0
Shields        | 3 4 |  4.0
Armour         | 5 |  5.0
Evocations     | 5 |  5.0

Action                   |  1- 3 |  4- 6 |  7- 9 | 10-12 | 13-15 || total
-------------------------+-------+-------+-------+-------+-------++-------
Melee: Unarmed           |    89 |   311 |   264 |   710 |   338 ||  1712
       Kick              |    24 |   133 |    36 |     7 |       ||   200
       Headbutt          |    10 |    93 |    22 |     4 |       ||   129
       Punch             |       |     5 |     1 |       |       ||     6
       Staff             |       |       |       |       |     7 ||     7
 Fire: Hunting sling     |       |    14 |   193 |    19 |       ||   226
       Shortbow          |       |       |    21 |       |       ||    21
Throw: Boomerang         |       |       |       |       |    13 ||    13
 Cast: Beastly Appendage |    31 |    30 |    35 |     4 |       ||   100
       Spider Form       |       |    11 |    22 |    28 |     1 ||    62
       Ice Form          |       |       |       |    59 |    44 ||   103
Evoke: Staff of Olgreb   |       |       |       |       |    45 ||    45
       Wand              |       |       |       |       |    11 ||    11
       Tin of tremorston |       |       |       |       |     2 ||     2
       Condenser vane    |       |       |       |       |     1 ||     1
  Use: Scroll            |       |       |    10 |     3 |    10 ||    23
       Potion            |       |       |       |     2 |     3 ||     5
 Stab: Sleeping          |     2 |     2 |     8 |     3 |     5 ||    20
       Distracted        |       |       |       |     1 |     1 ||     2
Armor: Leather armour    |    26 |     8 |     6 |       |       ||    40
       Robe              |     1 |       |    27 |     2 |       ||    30
       Skin              |       |     1 |     9 |   112 |    29 ||   151
       Troll leather arm |       |       |       |     2 |     5 ||     7
Dodge: Dodged            |    35 |    84 |   356 |   601 |   236 ||  1312
Block: Buckler           |       |       |       |    28 |     6 ||    34

Table legend: (Time is in decaauts)
 A = Elapsed time spent in this place.
 B = Non-inter-level travel time spent in this place.
 C = Inter-level travel time spent in this place.
 D = Time resting spent in this place.
 E = Time spent auto-exploring this place.
 F = Levels seen in this place.
 G = Mean time per level.
                   A        B        C        D        E       F      G
               +--------+--------+--------+--------+--------+-----+--------+
         Total |  27594 |  24779 |   2815 |   7358 |  10772 |  20 | 1379.7 |
       Dungeon |  17348 |  15424 |   1924 |   5533 |   5848 |  11 | 1577.1 |
        Temple |     66 |     60 |      6 |      0 |      0 |   1 |   66.0 |
          Lair |   9752 |   8868 |    884 |   1649 |   4923 |   6 | 1625.3 |
    Slime Pits |      1 |      1 |      0 |      0 |      0 |   1 |    1.0 |
       Ossuary |    425 |    425 |      0 |    176 |      0 |   1 |  425.0 |
               +--------+--------+--------+--------+--------+-----+--------+

Top non-repeatable levels by time:
     D:8: 2765 daAuts
     D:2: 2574 daAuts
  Lair:1: 2066 daAuts
    D:10: 1965 daAuts
     D:6: 1882 daAuts
  Lair:5: 1880 daAuts
     D:4: 1697 daAuts
  Lair:3: 1578 daAuts
  Lair:6: 1509 daAuts
     D:9: 1509 daAuts
  Lair:2: 1479 daAuts
     D:5: 1324 daAuts
     D:7: 1299 daAuts
  Lair:4: 1238 daAuts
     D:1: 1057 daAuts
